 Dungeon Crawl Stone Soup version 0.21-a0-110-g8e1637b (webtiles) character file.

599 Ordine the Conjurer (level 7, -7/38 HPs)
             Began as a Tengu Wizard on July 10, 2017.
             Mangled by an ogre
             ... wielding a +0 giant club
              (20 damage)
             ... on level 5 of the Dungeon.
             The game lasted 00:18:47 (4895 turns).

Ordine the Conjurer (Tengu Wizard)                  Turns: 4895, Time: 00:18:47

Health: -7/38      AC:  6    Str:  7    XL:     7   Next: 41%
Magic:  7/14       EV: 12    Int: 21    God:
Gold:   247        SH:  0    Dex: 12    Spells: 11/14 levels left

rFire    + . .     SeeInvis .   i - +1 whip
rCold    . . .     Gourm    .   (no shield)
rNeg     . . .     Faith    .   l - +0 leather armour
rPois    .         Spirit   .   b - +0 hat
rElec    .         Reflect  .   w - +0 cloak
rCorr    .         Harm     .   (no gloves)
MR       .....                  (boots unavailable)
Stlth    ++........             (no amulet)
HPRegen  0.12/turn              e - ring of protection from fire
MPRegen  0.14/turn              (no ring)

@: no status effects
A: beak, talons 3, thin metallic scales 1, blink, able to fly 1
a: Fly, Blink


You were on level 5 of the Dungeon.
You were not hungry.

You visited 1 branch of the dungeon, and saw 5 of its levels.

You collected 247 gold pieces.

Inventory:

Hand Weapons
 i - a +1 whip (weapon)
Armour
 b - a +0 hat (worn)
 g - a +0 buckler
 l - a +0 leather armour (worn)
 w - a +0 cloak (worn)
Jewellery
 e - a ring of protection from fire (left hand)
 k - an uncursed amulet of rage
Scrolls
 f - 5 scrolls of teleportation
 j - 4 scrolls of remove curse
 n - 2 scrolls of amnesia
 t - 2 scrolls of enchant weapon
Potions
 h - 2 potions of flight {unknown}
 m - 2 potions of ambrosia
 p - 2 potions of brilliance
 q - a potion of haste
 r - 2 potions of curing
 u - a potion of cancellation
Books
 c - a book of Minor Magic

   Spells                             Type                      Level
   a - Magic Dart                     Conjuration                  1
   b - Blink                          Translocation                2
   c - Call Imp                       Summoning                    2
   d - Slow                           Hexes                        2
   e - Conjure Flame                  Conjuration/Fire             3
   f - Mephitic Cloud                 Conjuration/Poison/Air       3
Comestibles
 a - 4 fruits
 d - 3 bread rations
 o - 3 royal jellies
 s - a meat ration
 v - a chunk of flesh


   Skills:
 + Level 1.4 Fighting
 + Level 0.9 Armour
 + Level 2.6 Dodging
 - Level 3.0 Stealth
 + Level 1.0 Shields
 + Level 4.4 Spellcasting
 - Level 6.1 Conjurations
   Level 1.2 Summonings
 + Level 2.7 Translocations


You had 11 spell levels left.
You knew the following spells:

 Your Spells              Type           Power        Failure   Level  Hunger
a - Magic Dart            Conj           ####         1%          1    None
b - Blink                 Tloc           N/A          8%          2    #......


Dungeon Overview and Level Annotations

Branches:
Dungeon (5/15)
 Temple: D:4-7

Altars:
Fedhas
Nemelex Xobeh


Innate Abilities, Weirdness & Mutations

You have a beak for a mouth.
You have claws for feet.
You can fly.
You are partially covered in thin metallic scales. (AC +2)
You can translocate small distances at will.


Message History

The ogre is heavily wounded.
Casting: Magic Dart
Confirm with . or Enter, or press ? or * to list all spells.
Aiming: Magic Dart
Press: ? - help, Shift-Dir - straight line, f/p - ogre
Aim: an ogre, wielding a giant club (heavily wounded)
The magic dart hits the ogre.
The ogre is severely wounded.
The ogre hits you with a giant club!!
Ouch! That really hurt!
Casting: Magic Dart
Confirm with . or Enter, or press ? or * to list all spells.
Aiming: Magic Dart
Press: ? - help, Shift-Dir - straight line, f/p - ogre
Aim: an ogre, wielding a giant club (severely wounded)
The magic dart hits the ogre.
The ogre is severely wounded.
The adder zombie closely misses you. The ogre hits you with a giant club!!
Ouch! That really hurt!
You die...

....>.....#..#
.........#..#
##+###........#..#
#....#........#..# +
#....'.รท......##'#
#..#....#........#..#
#..#....#........#..# ..
#..##...#...ZO...#..#
...#.......#####@...#..#
...#.......##..#....#..#
......_.....#..#....#..#
............#..#....#..#
...#.......###'#....#..#
...#....####........'..#
...#.......#........#..#
...#.......#........#..#
...#.......#........#..#


You could see an ogre and an adder zombie.

Vanquished Creatures
  Grinder (D:3)
  A water moccasin (D:5)
  A scorpion (D:4)
  2 orc wizards (D:3)
  A bullfrog skeleton (D:4)
  An iguana (D:5)
  A howler monkey skeleton (D:5)
  4 adders
  An ooze (D:3)
  An adder zombie (D:4)
  4 worms (D:3)
  4 orcs (D:3)
  2 ball pythons
  6 giant cockroaches
  7 goblins
  5 hobgoblins
  4 jackals (D:1)
  7 kobolds
  3 quokkas (D:2)
  8 bats
  5 frilled lizards
  13 rats
82 creatures vanquished.

Notes
Turn   | Place    | Note
-------+----------+-------------------------------------------
     0 | D:1      | Ordine the Tengu Wizard began the quest for the Orb.
     0 | D:1      | Reached XP level 1. HP: 10/10 MP: 5/5
   122 | D:1      | Reached skill level 2 in Conjurations
   172 | D:1      | Reached XP level 2. HP: 15/15 MP: 1/7
   185 | D:1      | Learned a level 2 spell: Blink
  1066 | D:1      | Gained mutation: You can translocate small distances at will. [potion of mutation]
  1066 | D:1      | Gained mutation: You are partially covered in thin metallic scales. (AC +2) [potion of mutation]
  1324 | D:2      | Reached skill level 1 in Translocations
  1329 | D:2      | Reached XP level 3. HP: 19/19 MP: 0/8
  1617 | D:2      | Reached skill level 3 in Conjurations
  2130 | D:3      | Reached XP level 4. HP: 24/24 MP: 3/10
  2389 | D:3      | Found a blossoming altar of Fedhas.
  2432 | D:3      | Reached skill level 4 in Conjurations
  2432 | D:3      | Gained mutation: You can fly. [Tengu growth]
  2432 | D:3      | Reached XP level 5. HP: 4/28 MP: 11/11
  3272 | D:3      | Noticed Grinder
  3286 | D:3      | Killed Grinder
  3286 | D:3      | Reached skill level 5 in Conjurations
  3286 | D:3      | Reached XP level 6. HP: 10/32 MP: 6/13
  4115 | D:4      | Found a sparkling altar of Nemelex Xobeh.
  4455 | D:4      | Reached skill level 1 in Fighting
  4455 | D:4      | Reached skill level 6 in Conjurations
  4455 | D:4      | Reached XP level 7. HP: 19/38 MP: 2/14
  4659 | D:5      | Entered Level 5 of the Dungeon
  4669 | D:5      | Reached skill level 1 in Shields
  4754 | D:5      | Found a blossoming altar of Fedhas.
  4895 | D:5      | Mangled by an ogre

Vault maps used:
D:1:      dpeg_arrival_tiny_i
D:2:      first_bread
D:3:      minmay_door_path, fedhas_altar_2, uniq_grinder
D:4:      nemelex_xobeh_ov_fountains_minmay
D:5:      basic_altar

Skill      XL: |  1  2  3  4  5  6  7 |
---------------+----------------------+-----
Conjurations   | 2 3 4 5 6 |  6.1
Translocations | 1 2 |  2.7
Stealth        | 3 |  3.0
Spellcasting   | 4 |  4.4
Fighting       | 1 |  1.4
Shields        | 1 |  1.0
Armour         | |  0.9
Dodging        | |  2.6
Summonings     | |  1.2

Action                   |  1- 3 |  4- 6 |  7- 9 || total
-------------------------+-------+-------+-------++-------
Melee: Whip              |    11 |    18 |       ||    29
       Unarmed           |     4 |       |       ||     4
       Peck              |     3 |     4 |       ||     7
       Kick              |     3 |     5 |       ||     8
 Cast: Magic Dart        |   103 |   108 |    28 ||   239
  Use: Scroll            |     7 |     6 |     1 ||    14
       Potion            |     1 |     3 |       ||     4
  Eat: Chunk             |     4 |     5 |     1 ||    10
       Royal jelly       |       |       |     1 ||     1
Armor: Robe              |     3 |     2 |       ||     5
       Leather armour    |       |    14 |     3 ||    17
Dodge: Dodged            |    30 |    21 |     6 ||    57
